Map: King's Cove LE

Players

Fowowski - Winner!

  • Race: Terran Terran
  • League: Platinum
  • Spawn Location: 11:00

PeLLy

  • Race: Zerg Zerg
  • League: Diamond
  • Spawn Location: 5:00

VOD

Have the link to the VOD?

Description

Time

  • Played on: Aug. 16, 2019, 3:52 p.m.
  • Length: 14:53
Show
View Real Time Build Order
Export as new Build Order

Fowowski Terran - Winner!

Build Orders:  

Get SALT Encoding   

  12  0:00  SCV  
  13  0:13  SCV  
  14  0:18  Supply Depot  
  14  0:25  SCV  
  15  0:40  SCV  
  15  0:42  Barracks  
  16  0:52  SCV  
  17  1:05  SCV  
  17  1:09  Supply Depot  
  18  1:17  SCV  
  19  1:29  Orbital Command  
  19  1:30  Barracks, Marine  
  20  1:41  Barracks  
  20  1:48  Marine  
  21  1:55  SCV  
  22  2:04  Barracks  
  22  2:06  Marine  
  23  2:13  SCV  
  24  2:18  Marine  
  25  2:24  Marine  
  25  2:25  SCV  
  27  2:34  Bunker  
  27  2:36  Marine  
  28  2:37  Marine  
  28  2:42  Marine  
  30  2:54  Marine  
  31  3:02  Supply Depot x2  
  31  3:09  Barracks, Command Center  
  31  3:12  Refinery  
  31  3:23  Marine x3  
  31  3:27  Marine  
  34  3:31  SCV  
  34  3:33  Refinery  
  36  3:41  Marine x3  
  39  3:50  Marine  
  40  3:56  SCV  
  40  3:59  Marine  
  40  4:00  Supply Depot  
  42  4:06  Supply Depot  
  42  4:08  Marine x2  
  42  4:09  Marine  
  45  4:11  SCV  
  46  4:17  Marine  
  46  4:20  Marine  
  46  4:24  Orbital Command  
  48  4:40  Engineering Bay, Barracks Tech Lab  
  48  4:41  Engineering Bay  
  48  4:44  Marine  
  49  4:47  SCV  
  48  5:01  Marine x4  
  48  5:02  Marine  
  53  5:14  Orbital Command  
  53  5:21  SCV  
  54  5:25  Marine x3  
  54  5:26  Combat Shield  
  57  5:31  Terran Infantry Weapons Level 1  
  57  5:33  Terran Infantry Armor Level 1, SCV  
  58  5:43  SCV  
  58  5:45  SCV  
  60  5:51  Marine x3  
  60  5:54  Refinery  
  63  6:05  Marine x2, Factory  
  65  6:17  SCV x2  
  67  6:21  Marine x2  
  69  6:27  Barracks Reactor, Marine  
  69  6:29  SCV  
  71  6:37  SCV  
  72  6:41  SCV  
  72  6:46  Marine x2  
  75  6:49  SCV  
  75  6:51  Marine  
  75  6:52  Marine  
  78  6:56  Starport, Factory Reactor  
  78  7:11  Supply Depot  
  78  7:12  Supply Depot  
  78  7:14  Supply Depot  
  78  7:25  Barracks Reactor  
  78  7:26  Barracks Tech Lab  
  78  7:32  Marine x2  
  78  7:33  SCV x2  
  78  7:36  Barracks Reactor  
  82  7:40  Supply Depot  
  82  7:41  Medivac x2  
  86  7:45  SCV x2  
  88  8:02  Supply Depot  
  88  8:06  Factory Tech Lab  
  85  8:36  Marine x2  
  85  8:37  Marine x3  
  85  8:38  Marine x2  
  92  8:48  Medivac x2  
  96  8:49  SCV  
  96  8:50  SCV  
  96  8:53  Missile Turret  
  96  8:54  Marine x3  
  96  8:55  Marine  
  102  8:57  Missile Turret  
  102  9:02  SCV x2  
  104  9:05  Command Center  
  104  9:08  Armory  
  104  9:14  SCV x2  
  104  9:16  Missile Turret  
  106  9:17  Missile Turret  
  106  9:20  Missile Turret  
  106  9:21  Medivac x2  
  106  9:22  Refinery  
  110  9:26  SCV x2  
  110  9:29  Stimpack  
  108  9:45  Barracks Reactor x2, Marine  
  105  9:46  Marine x3  
  109  9:56  Medivac x2  
  113  10:07  Command Center, Terran Infantry Weapons Level 2, Terran Infantry Armor Level 2  
  113  10:09  SCV x2  
  113  10:32  Marine x3  
  114  10:39  Barracks  
  114  10:40  Barracks  
  102  12:01  Marine x4  
  102  12:02  Marine x3  
  109  12:12  Medivac x2  
  113  12:19  Marine x4  
  113  12:20  Marine x3  
  113  12:21  Barracks Reactor x2  
  118  12:37  Marine x5  
  110  12:38  Marine x2  
  113  12:44  Siege Tank  
  114  12:54  Marine x2  
  114  12:55  Marine x4  
  114  12:56  Marine  
  120  13:01  Marine  
  120  13:02  Marine x3  
  120  13:03  Medivac x2  
  121  13:12  Marine x3  
  121  13:13  Marine x3  
  121  13:14  Marine  
  121  13:16  Siege Tank  
  121  13:19  Marine  
  129  13:30  Marine x3  
  129  13:32  Marine  
  129  13:33  Marine x6  
  139  13:37  Marine  
  140  13:48  Viking x2, Marine x3  
  146  14:06  Marine x2  
  148  14:24  Marine  
  148  14:25  Marine x2  
Show
View Real Time Build Order
Export as new Build Order

PeLLy Zerg 

Build Orders: Hatch First, Swarm Host 

Get SALT Encoding   

  12  0:01  Drone  
  13  0:15  Overlord  
  13  0:20  Drone  
  14  0:33  Drone x2  
  16  0:37  Drone  
  17  0:55  Hatchery  
  16  0:59  Drone  
  16  1:02  Drone  
  18  1:11  Overlord  
  18  1:20  Drone  
  18  1:25  Spawning Pool  
  18  1:30  Extractor  
  18  1:31  Drone  
  18  1:42  Drone  
  19  1:55  Drone  
  20  2:13  Zergling x4  
  22  2:18  Queen  
  22  2:22  Queen, Hatchery  
  23  2:29  Drone  
  26  2:31  Drone  
  27  2:48  Zergling x10  
  32  2:57  Overlord  
  32  3:17  Drone x4  
  35  3:29  Evolution Chamber  
  35  3:30  Evolution Chamber  
  33  3:39  Drone  
  33  3:40  Drone x7  
  41  3:42  Overlord  
  41  3:49  Lair  
  41  3:58  Extractor  
  41  4:00  Extractor  
  41  4:01  Drone  
  41  4:02  Drone  
  41  4:06  Spine Crawler  
  41  4:09  Zerg Melee Weapons Level 1  
  40  4:16  Drone  
  40  4:17  Drone x4  
  45  4:25  Drone  
  45  4:26  Drone x3  
  49  4:37  Overlord  
  49  4:44  Extractor  
  49  4:45  Spore Crawler  
  49  4:46  Spore Crawler  
  48  4:58  Spine Crawler  
  46  5:03  Zergling x12  
  50  5:22  Drone  
  50  5:23  Nydus Network, Overlord  
  50  5:24  Overlord  
  50  5:28  Overlord x2  
  50  5:33  Metabolic Boost  
  50  5:36  Zerg Ground Armor Level 1  
  50  5:47  Drone x5  
  55  6:05  Queen  
  57  6:16  Infestation Pit  
  56  6:20  Drone x9  
  65  6:43  Hatchery  
  64  6:52  Overlord x3  
  64  6:54  Overlord  
  64  6:56  Zerg Melee Weapons Level 2  
  64  7:01  Spire  
  63  7:14  Swarm Host x5  
  78  7:15  Swarm Host  
  81  7:33  Swarm Host  
  81  7:34  Swarm Host x4  
  96  7:50  Hatchery  
  95  7:51  Nydus Canal  
  95  8:03  Hydralisk Den  
  94  8:21  Pneumatized Carapace  
  94  8:22  Drone x13  
  107  8:35  Baneling Nest  
  106  8:57  Grooved Spines  
  106  8:59  Drone  
  106  9:00  Drone x9  
  116  9:03  Extractor  
  116  9:04  Extractor  
  116  9:06  Nydus Canal  
  114  9:12  Drone x5  
  119  9:30  Drone x9  
  128  9:31  Overlord  
  128  9:32  Overlord  
  128  9:37  Hive  
  128  9:46  Extractor  
  128  9:49  Extractor  
  128  9:50  Overlord x5  
  126  9:54  Nydus Canal  
  125  10:09  Muscular Augments  
  125  10:44  Nydus Canal  
  125  10:48  Baneling x10  
  125  10:53  Hydralisk x3  
  125  10:54  Hydralisk x14  
  159  10:57  Greater Spire  
  159  11:16  Hydralisk x8  
  171  12:15  Hydralisk x6  
  171  12:18  Zergling x2  
  171  12:19  Overlord x5  
  171  12:20  Overlord  
  179  12:33  Zergling x12  
  123  12:52  Zergling x14  
  119  13:05  Corruptor x5  
  104  13:16  Adrenal Glands  
  85  13:49  Zergling x12  
  85  13:52  Spine Crawler  
  85  13:54  Spine Crawler x2  
  86  14:04  Corruptor x2  
  86  14:07  Brood Lord x2  
  86  14:08  Brood Lord x2  
Tags
 
Add a new tag
Caveats
  • Supply blocks, unpowered buildings, or Contaminate may cause inaccurate times.
  • Supply counts are checked every 10 seconds.